 Dungeon Crawl Stone Soup version 0.30-a0-140-gd1020e658a (webtiles) character file.

Game seed: 2186103861857393014

161 qw the Chopper (level 5, 0/32 HPs)
             Began as a Gargoyle Fighter on Sept 24, 2022.
             Slain by Pikel
             ... wielding a +2 whip of freezing
              (1 damage)
             ... on level 4 of the Dungeon.
             The game lasted 00:00:59 (2574 turns).

qw the Chopper (Gargoyle Fighter)                   Turns: 2574, Time: 00:00:59

Health: 0/32       AC: 17    Str: 21    XL:     5   Next: 42%
Magic:  5/5        EV: 11    Int:  7    God:
Gold:   93         SH:  4    Dex:  9    Spells: 4/4 levels left

rFire   . . .      SeeInvis .    Y - +3 war axe
rCold   . . .      Faith    .    c - +0 buckler
rNeg    + . .      Spirit   .    k - +0 chain mail
rPois   inf        Reflect  .    a - +2 helmet of the Echidna {+Blink}
rElec   +          Harm     .    e - +0 cloak
rCorr   .          Rampage  .    (no gloves)
Will    .....                    (no boots)
Stlth   ..........               (no amulet)
HPRegen 0.90/turn                g - +4 ring of evasion
MPRegen 0.09/turn                (no ring)

@: no status effects
A: sickness immunity, AC +4, negative energy resistance 1, electricity
resistance, torment resistance 1, petrification resistance, dopey 1,
regeneration 1
a: Evoke Blink


You were on level 4 of the Dungeon.
You visited 1 branch of the dungeon, and saw 4 of its levels.

You collected 93 gold pieces.


Innate Abilities, Weirdness & Mutations

You are immune to sickness and miasma.
Your stone body is resilient. (AC +4)
You are immune to poison.
You resist negative energy. (rN+)
You are resistant to electric shocks. (rElec)
You are resistant to unholy torment.
You are immune to petrification.
You are dopey. (Int -2)
Your natural rate of healing is unusually fast.


   Skills:
 + Level 3.3 Fighting
 - Level 5.0 Axes
 - Level 3.2 Armour
 - Level 3.2 Shields


You had 4 spell levels left.
You didn't know any spells.
Your spell library was empty.

Inventory:

Hand Weapons
 n - a +0 whip
 Y - a +3 war axe (weapon)
Armour
 a - the +2 helmet of the Echidna (worn) {+Blink}
   (You acquired it on level 1 of the Dungeon)

   +Blink:    It lets you blink.
 c - a +0 buckler (worn)
 e - a +0 cloak (worn)
 k - a +0 chain mail (worn)
Jewellery
 g - a +4 ring of evasion (left hand)
Scrolls
 m - a scroll of identify
Potions
 b - a potion of mutation
 d - 2 potions of might
 h - a potion of lignification {unknown}
 i - a potion of cancellation
 l - a potion of haste
 o - a potion of invisibility {unknown}

Dungeon Overview and Level Annotations

Branches:
Dungeon (4/15)
 Temple: D:4-7

Altars:
Vehumet

Shops:
D:4 [

Annotations:
D:4 Pikel


Message History

You hit the lemure.
The lemure is severely wounded.
You closely miss the lemure. You slash Pikel!
The lemure hits you but does no damage. Pikel closely misses you.
The lemure hits you.
You hit the lemure but do no damage.
The lemure is severely wounded.
You barely miss Pikel. You hit the lemure.
The lemure hits you but does no damage.
Pikel drinks a potion.
Pikel is healed!
The lemure hits you but does no damage.
You slash the lemure!
The lemure is almost dead.
You hit the lemure. You hit Pikel but do no damage. The lemure misses you.
Pikel misses you. The lemure hits you but does no damage.
Pikel hits you with a +2 whip of freezing.
Pikel freezes you. You block the lemure's attack.
The lemure closely misses you.
You closely miss the lemure.
The lemure is almost dead.
You hit Pikel. You slash the lemure!
Pikel hits you with a +2 whip of freezing.
Pikel freezes you. You block the lemure's attack.
The lemure closely misses you.
You hit the lemure but do no damage.
The lemure is almost dead.
You closely miss Pikel. You hit the lemure but do no damage.
The lemure hits you but does no damage.
Pikel hits you with a +2 whip of freezing.
Pikel freezes you. The lemure hits you.
You completely miss the lemure.
The lemure is almost dead.
You barely miss Pikel. You slash the lemure!
You kill the lemure!
That felt strangely unrewarding.
The lemure hits you! Pikel hits you but does no damage. The lemure misses you.
Pikel hits you but does no damage.
You closely miss the lemure.
The lemure is almost dead.
You barely miss Pikel.
Pikel hits you with a +2 whip of freezing.
Pikel freezes you.
You die...

......................
.....................#
......##..###.........
..<.......# #..#.....#
##.###....###..#..##.#
#. #................
#. #....####.#..##.###
## #..........5.......
#....####.#@#.....
#....# #.#K# #...
#....#.....5..# ..
.....####........
#.#...# #.#.###55..
#.#.. ... #.#.. K. #
#.. . ....


You could see Pikel and 2 lemures.

Vanquished Creatures
  2 lemures (D:4)
  A scorpion (D:4)
  4 adders
  2 dart slugs (D:3)
  4 orcs (D:3)
  6 ball pythons
  4 bats
  7 endoplasms
  3 giant cockroaches
  4 goblins (D:1)
  3 hobgoblins
  A jackal (D:1)
  5 kobolds
  2 quokkas
  5 frilled lizards
  3 rats
56 creatures vanquished.

Notes
Turn   | Place    | Note
-------+----------+-------------------------------------------
     0 | D:1      | qw the Gargoyle Fighter began the quest for the Orb.
     0 | D:1      | Reached XP level 1. HP: 14/14 MP: 1/1
     0 | D:1      | 0 ||| qw: Version: 0.1.0-9-gbc19398
     0 | D:1      | 0 ||| qw: Game counter: 31
     0 | D:1      | 0 ||| qw: Always use a shield: true
     0 | D:1      | 0 ||| qw: God list: Okawaru
     0 | D:1      | 0 ||| qw: Allow faded altars: false
     0 | D:1      | 0 ||| qw: Do Orc after D:15 true
     0 | D:1      | 0 ||| qw: Do second Lair branch before Depths: true
     0 | D:1      | 0 ||| qw: Lair rune preference: random
     0 | D:1      | 0 ||| qw: Plans: Normal, Zot:1-4, God:TSO, Crypt, Tomb,
                  | Pan, Slime:5, Hells, Abyss, Orb
     0 | D:1      | 0 ||| PLANNING D:1-11
    32 | D:1      | 32 ||| Stepping ~*~*~tactically~*~*~ (stealth).
    36 | D:1      | 36 ||| Stepping ~*~*~tactically~*~*~ (stealth).
    57 | D:1      | Reached skill level 2 in Axes
   336 | D:1      | Reached XP level 2. HP: 19/19 MP: 2/2
   799 | D:1      | Reached skill level 3 in Axes
   987 | D:1      | 987 ||| UPGRADING to +0 cloak.
   992 | D:1      | 992 ||| UPGRADING to +0 chain mail.
  1002 | D:1      | 1002 ||| DROPPING +0 scale mail.
  1003 | D:1      | 1003 ||| READING scroll labelled FIBBEIRAN.
  1004 | D:1      | 1004 ||| READING scroll labelled PIT NOUNUUGIVI.
  1004 | D:1      | Identified a scroll of acquirement
  1004 | D:1      | 1004 ||| ACQUIRING +2 helmet of the Echidna {+Blink}
  1004 | D:1      | Acquired the +2 helmet of the Echidna {+Blink}
  1006 | D:1      | 1006 ||| UPGRADING to +2 helmet of the Echidna {+Blink}.
  1011 | D:1      | 1011 ||| READING scroll labelled KUIKHLI ZEIFUCO.
  1012 | D:1      | 1012 ||| READING 2 scrolls labelled IRPHIA WISM.
  1013 | D:1      | 1013 ||| READING scroll labelled KURAOW HEOKK.
  1031 | D:2      | 1031 ||| READING scroll of enchant weapon.
  1031 | D:2      | 1031 ||| ENCHANTING +1 war axe.
  1067 | D:2      | Reached XP level 3. HP: 23/23 MP: 3/3
  1229 | D:2      | 1229 ||| Stepping ~*~*~tactically~*~*~ (stealth).
  1402 | D:2      | Identified the +2 robe of the End {*Slow +Blink rN+ Dex+4}
  1563 | D:2      | Found a radiant altar of Vehumet.
  1618 | D:2      | Reached XP level 4. HP: 28/28 MP: 4/4
  1921 | D:2      | 1921 ||| READING scroll labelled HOFRUER ESCHAKU.
  1922 | D:2      | 1922 ||| DRINKING 2 metallic brown potions.
  1922 | D:2      | Gained mutation: Your natural rate of healing is unusually
                  | fast. [potion of mutation]
  1922 | D:2      | Gained mutation: You are dopey. (Int -2) [potion of
                  | mutation]
  1923 | D:2      | 1923 ||| READING 3 scrolls of identify.
  1923 | D:2      | 1923 ||| IDENTIFYING glowing yellow potion
  1924 | D:2      | 1924 ||| READING 2 scrolls of identify.
  1924 | D:2      | 1924 ||| IDENTIFYING pink potion
  1947 | D:3      | 1947 ||| STAIRDANCE
  1957 | D:3      | 1957 ||| STAIRDANCE
  1964 | D:2      | Reached skill level 4 in Axes
  1989 | D:3      | 1989 ||| Stepping ~*~*~tactically~*~*~ (hiding).
  1993 | D:3      | 1993 ||| Stepping ~*~*~tactically~*~*~ (hiding).
  2217 | D:3      | 2217 ||| READING scroll of enchant weapon.
  2217 | D:3      | 2217 ||| ENCHANTING +2 war axe.
  2225 | D:3      | 2225 ||| DROPPING +0 club.
  2258 | D:3      | 2258 ||| Stepping ~*~*~tactically~*~*~ (stealth).
  2469 | D:3      | 2469 ||| UPGRADING to +4 ring of evasion.
  2470 | D:3      | 2470 ||| READING scroll labelled YCOGHUTOVA.
  2471 | D:3      | 2471 ||| READING scroll labelled NYWAOL ITZEJ.
  2494 | D:4      | Noticed a scorpion
  2501 | D:4      | Killed a scorpion
  2502 | D:4      | Reached skill level 5 in Axes
  2502 | D:4      | Reached XP level 5. HP: 30/32 MP: 5/5
  2507 | D:4      | Found Fiar's Antique Armour Shop.
  2512 | D:4      | 2512 ||| SHOPLISTING runed chain mail (225 gold, have 93).
  2512 | D:4      | 2512 ||| SHOPLISTING runed helmet (225 gold, have 93).
  2512 | D:4      | 2512 ||| SHOPLISTING shiny plate armour (780 gold, have
                  | 93).
  2525 | D:4      | 2525 ||| Stepping ~*~*~tactically~*~*~ (stealth).
  2527 | D:4      | 2527 ||| Stepping ~*~*~tactically~*~*~ (stealth).
  2551 | D:4      | Noticed a lemure
  2551 | D:4      | Noticed a lemure
  2551 | D:4      | Noticed Pikel
  2552 | D:4      | 2552 ||| Stepping ~*~*~tactically~*~*~ (stealth).
  2553 | D:4      | Noticed a lemure
  2553 | D:4      | Noticed a lemure
  2554 | D:4      | 2554 ||| Stepping ~*~*~tactically~*~*~ (stealth).
  2563 | D:4      | Killed a lemure
  2572 | D:4      | HP: 8/32 [lemure[Pikel] (6)]
  2573 | D:4      | Killed a lemure
  2573 | D:4      | HP: 2/32 [lemure[Pikel] (7)]
  2574 | D:4      | Slain by Pikel

Levels and vault maps discovered:
D:1:      shiori_shiawase, layout_basic, minmay_vboxes
D:2:      layout_loops_corners, basic_altar
D:3:      layout_rooms, amcnicky_mini_rare_corridor_liquid
D:4:      layout_basic, nicolae_overflow_hidden_temple, serial_shops,
          nicolae_shop_hallway_stairs, eino_tiny_chamber,
          chequers_serial_rivers_micro_e, uniq_pikel

Skill      XL: |  1  2  3  4 |
---------------+-------------+-----
Axes           | 2 3 5 |  5.0
Fighting       | |  3.3
Armour         | |  3.2
Shields        | |  3.2

Action                   |  1- 3 |  4- 6 || total
-------------------------+-------+-------++-------
Melee: War axe           |   111 |    72 ||   183
Throw: Boomerang         |     4 |       ||     4
  Use: Scroll            |     6 |     6 ||    12
       Potion            |       |     1 ||     1
Armor: Scale mail        |    47 |       ||    47
       Chain mail        |    27 |    47 ||    74
Dodge: Dodged            |    45 |    31 ||    76
Block: Buckler           |    20 |    15 ||    35

Table legend:
 A = Non-vault XP
 B = Vault XP
 C = Vault XP percentage of total XP
 D = Non-vault monster count
 E = Vault monster count
 F = Vault count percentage of total count
                 A         B        C        D         E       F
            +---------+---------+-------+---------+---------+-------
      Total |     220 |      10 |   4.3 |      48 |       6 |  11.1
            +---------+---------+-------+---------+---------+-------
        D:1 |      22 |      10 |  31.2 |      12 |       6 |  33.3
        D:2 |      65 |       0 |   0.0 |      18 |       0 |   0.0
        D:3 |      49 |       0 |   0.0 |      16 |       0 |   0.0
        D:4 |      84 |       0 |   0.0 |       2 |       0 |   0.0
            +---------+---------+-------+---------+---------+-------
